 Dungeon Crawl Stone Soup version 0.31-a0-859-g9dce7d3444 (webtiles) character file.

Game seed: 15650340284106127645

18 Ge0ff the Vexing (level 2, -1/18 HPs)
             Began as an Octopode Hexslinger on Oct 9, 2023.
             Slain by a hobgoblin (2 damage)
             ... on level 1 of the Dungeon.
             The game lasted 00:00:40 (184 turns).

Ge0ff the Vexing (Octopode Hexslinger)               Turns: 184, Time: 00:00:41

Health: -1/18      AC:  1    Str:  7    XL:     2   Next: 66%
Magic:  2/3        EV: 13    Int: 15    God:
Gold:   16         SH:  0    Dex: 14    Spells: 1/3 levels left

rFire   . . .        a - +1 sling
rCold   . . .        (no shield)
rNeg    . . .        (helmet restricted)
rPois   .            (no amulet)
rElec   .            (no ring)
rCorr   .            (no ring)
SInv    .            (no ring)
Will    .....        (no ring)
Stlth   +++          (no ring)
HPRegen 0.23/turn    (no ring)
MPRegen 0.08/turn    (no ring)
                     (no ring)

%: no passive effects
@: weak-willed
A: almost no armour, amphibious, 8 rings, camouflage 1, gelatinous body 1,
(nimble swimmer 1), tentacles
a: no special abilities


You were on level 1 of the Dungeon.
You visited 1 branch of the dungeon, and saw 1 of its levels.

You collected 16 gold pieces.

Inventory:

Hand Weapons
 a - a +1 sling (weapon)
Scrolls
 C - a scroll of poison


   Skills:
 + Level 1.3 Fighting
 * Level 2.4 Ranged Weapons
 - Level 2.0 Dodging
 + Level 1.0 Stealth
 + Level 1.2 Spellcasting
 + Level 3.1 Hexes
 - Level 1.0 Fire Magic


You had one spell level left.
You knew the following spells:

 Your Spells              Type           Power      Damage    Failure   Level
s - Jinxbite              Hex            20%        N/A       10%         2

Your spell library contained the following spells:

 Spells                   Type           Power      Damage    Failure   Level
 Sigil of Binding         Hex            10%        N/A       21%         3
 Inner Flame              Hex/Fire       7%         N/A       30%         3
 Cause Fear               Hex            5%         N/A       54%         4
 Dimensional Bullseye     Hex/Tloc       2%         N/A       77%         4


Dungeon Overview and Level Annotations

Branches:
Dungeon (1/15) Zot: 5804

Altars:


Innate Abilities, Weirdness & Mutations

You cannot wear most types of armour.
You are amphibious.
You can wear up to eight rings at the same time.
Your skin changes colour to match your surroundings (Stealth+).
Your rubbery body absorbs attacks. (AC +1, EV +1)
((You are camouflaged when in or above water. (Stealth+)))
You have tentacles for arms and can constrict up to eight enemies at once.


Message History

You shoot a sling bullet. The sling bullet hits the jackal.
The jackal is almost dead.
A rat comes into view.
The jackal barely misses you.
You shoot a sling bullet.
The sling bullet barely misses the jackal.
The jackal barely misses you. x2
You shoot a sling bullet. The sling bullet hits the jackal.
You kill the jackal!
You shoot a sling bullet.
The sling bullet closely misses the hobgoblin.
The hobgoblin closely misses you.
You shoot a sling bullet.
The sling bullet closely misses the hobgoblin.
The sling bullet hits the rat but does no damage.
The hobgoblin hits you.
You shoot a sling bullet.
The sling bullet closely misses the hobgoblin.
The sling bullet hits the rat.
You kill the rat!
The hobgoblin misses you. The hobgoblin hits you.
You shoot a sling bullet.
The sling bullet barely misses the hobgoblin.
The hobgoblin hits you.
You are too injured to fight recklessly!
You are too injured to fight recklessly!
You are too injured to fight recklessly!
You shoot a sling bullet.
The sling bullet barely misses the hobgoblin.
The hobgoblin hits you.
* * * LOW HITPOINT WARNING * * *
You shoot a sling bullet.
The sling bullet barely misses the hobgoblin.
The hobgoblin completely misses you. The hobgoblin closely misses you.
You shoot a sling bullet.
The sling bullet barely misses the hobgoblin.
The hobgoblin barely misses you.
You shoot a sling bullet.
The sling bullet closely misses the hobgoblin.
The hobgoblin hits you.
* * * LOW HITPOINT WARNING * * *
You shoot a sling bullet. The sling bullet hits the hobgoblin.
The hobgoblin is heavily wounded.
The hobgoblin hits you.
* * * LOW HITPOINT WARNING * * *
The hobgoblin closely misses you.
You shoot a sling bullet.
The sling bullet closely misses the hobgoblin.
The hobgoblin hits you.
You die...

#....#...#
#.##.....#
#.###....# #.#
##...# .#
##)####...#
....####..#......#
#....>....##...#
.†..##..#####...#
## #@## #####
#..g.# #.....
)†..##.. ..###.
### . #. #


You could see a hobgoblin.

Vanquished Creatures
  2 dart slugs (D:1)
  An endoplasm (D:1)
  3 goblins (D:1)
  A hobgoblin (D:1)
  A jackal (D:1)
  A kobold (D:1)
  A quokka (D:1)
  A ball python (D:1)
  A rat (D:1)
12 creatures vanquished.

Notes
Turn   | Place    | Note
-------+----------+-------------------------------------------
     0 | D:1      | Ge0ff the Octopode Hexslinger began the quest for the Orb.
     0 | D:1      | Reached XP level 1. HP: 13/13 MP: 2/2
   135 | D:1      | Reached XP level 2. HP: 17/18 MP: 3/3
   138 | D:1      | Learned a level 2 spell: Jinxbite
   170 | D:1      | Reached skill level 1 in Stealth
   184 | D:1      | Slain by a hobgoblin

Illustrated notes

Levels and vault maps discovered:
D:1:      dpeg_arrival_arbitrary_c, layout_rooms, kennysheep_crisscross,
          minmay_vboxes

Skill      XL: |  1  2 |
---------------+-------+-----
Stealth        | 1 |  1.0
Fighting       | |  1.3
Ranged Weapons | |  2.4
Dodging        | |  2.0
Spellcasting   | |  1.2
Hexes          | |  3.1
Fire Magic     | |  1.0

Action                     || total
---------------------------++-------
   Fire: Sling             ||    36
   Cast: Jinxbite          ||     1
 Armour: Skin              ||     8
  Dodge: Dodged            ||    11

Table legend: (Time is in decaauts)
 A = Elapsed time spent in this place.
 B = Non-inter-level travel time spent in this place.
 C = Inter-level travel time spent in this place.
 D = Time resting spent in this place.
 E = Time spent auto-exploring this place.
 F = Levels seen in this place.
 G = Mean time per level.
                   A        B        C        D        E       F      G
               +--------+--------+--------+--------+--------+-----+--------+
         Total |    194 |    194 |      0 |      0 |    122 |   1 |  194.0 |
       Dungeon |    194 |    194 |      0 |      0 |    122 |   1 |  194.0 |
               +--------+--------+--------+--------+--------+-----+--------+

Top non-repeatable levels by time:
     D:1: 194 daAuts
